 Dungeon Crawl Stone Soup version 0.22.1-2-g9c5b331 (webtiles) character file.

622 Leeroy the Slasher (level 7, -5/55 HPs)
             Began as a Black Draconian Skald on Jan 1, 2019.
             Was an Initiate of Gozag.
             Slain by Menkaure (6 damage)
             ... on level 5 of the Dungeon.
             The game lasted 00:14:43 (5050 turns).

Leeroy the Slasher (Black Draconian Skald)          Turns: 5050, Time: 00:14:44

Health: -5/55      AC:  7    Str: 14    XL:     7   Next: 22%
Magic:  10/10      EV: 12    Int: 15    God:    Gozag
Gold:   274        SH:  0    Dex: 10    Spells: 3/10 levels left

rFire    . . .     SeeInvis .   a - +0 falchion
rCold    . . .     Gourm    .   (no shield)
rNeg     . . .     Faith    .   (armour unavailable)
rPois    .         Spirit   .   (helmet restricted)
rElec    +         Reflect  .   (no cloak)
rCorr    .         Harm     .   (no gloves)
MR       .....                  k - +0 pair of boots
Stlth    +.........             (no amulet)
HPRegen  0.18/turn              (no ring)
MPRegen  0.12/turn              (no ring)

@: no status effects
A: breathe lightning, unfitting armour, electricity resistance, cold-blooded, AC
+6
a: Breathe Lightning, Potion Petition, Call Merchant, Bribe Branch, Renounce
Religion


You were on level 5 of the Dungeon.
You worshipped Gozag.
Gozag was aware of your devotion.
You were not hungry.

You visited 2 branches of the dungeon, and saw 6 of its levels.

You collected 320 gold pieces.
You paid 46 gold pieces to Gozag.

Inventory:

Hand Weapons
 a - a +0 falchion (weapon)
 b - a +0 dagger
 e - a +0 short sword
 i - a +2 short sword of venom
 j - a cursed -1 dagger
 r - a +0 quarterstaff
 v - a +0 blowgun
 C - a +0 hand axe
 D - a +0 war axe
Missiles
 g - 22 poisoned needles
 h - 50 sling bullets
 m - 35 arrows
 n - 71 stones (quivered)
 p - 16 bolts
 B - 3 tomahawks
Armour
 k - a +0 pair of boots (worn)
 s - a +0 shield
 x - a +0 leather armour of poison resistance
Jewellery
 A - a cursed amulet of regeneration
Wands
 d - a wand of flame (20)
 E - a wand of random effects (11)
Scrolls
 f - a scroll of identify
 l - 2 scrolls of magic mapping
 o - a scroll of blinking
 q - 4 scrolls of remove curse {unknown}
 t - 2 scrolls of enchant armour
 u - a scroll of fear {unknown}
 w - a scroll of teleportation
 y - a scroll of immolation
Potions
 z - a potion of flight
 F - a potion of haste {unknown}
Comestibles
 c - 3 rations


   Skills:
 - Level 2.1 Fighting
 + Level 7.4 Long Blades
 - Level 2.1 Dodging
 * Level 1.8 Shields
 - Level 2.0 Spellcasting
 * Level 1.7 Hexes
 - Level 2.6 Charms
 - Level 0.1 Necromancy


You had 3 spell levels left.
You knew the following spells:

 Your Spells              Type           Power        Failure   Level  Hunger
a - Infusion              Chrm           #...         8%          1    #......
b - Spectral Weapon       Hex/Chrm       #.......     26%         3    ###....
c - Regeneration          Chrm/Necr      #.........   36%         3    ###....

Your spell library contained the following spells:

 Spells                   Type           Power        Failure   Level  Hunger
 Song of Slaying          Chrm           #.......     11%         2    ###....
 Shroud of Golubria       Chrm/Tloc      #.........   19%         2    ###....


Dungeon Overview and Level Annotations

Branches:
Dungeon (5/15)             Temple (1/1) D:5

Altars:
Cheibriados
Elyvilon
Fedhas
Gozag
Hepliaklqana
Makhleb
Nemelex Xobeh
Okawaru
Qazlal
Ru
Uskayaw
Wu Jian
Zin

Shops:
D:4 *

Annotations:
D:5 Menkaure


Innate Abilities, Weirdness & Mutations

You can breathe wild blasts of lightning.
Your glossy black scales are hard. (AC +6)
You cannot fit into any form of body armour.
You are resistant to electric shocks. (rElec)
You are cold-blooded and may be slowed by cold attacks.


Message History

Okay, then.
Wield which item (- for none, * to show all)? (? for menu, Esc to quit)
Your +2 short sword of venom stops dripping with poison.
a - a +0 falchion (weapon)
You hit Menkaure.
Menkaure is severely damaged.
Menkaure closely misses you.
You riposte.
You hit Menkaure but do no damage.
Menkaure is severely damaged.
You hit Menkaure.
Menkaure is severely damaged.
You barely miss Menkaure.
Menkaure is severely damaged.
Menkaure hits you!
* * * LOW HITPOINT WARNING * * *
Unknown command.
You hit Menkaure.
Menkaure is severely damaged.
Menkaure hits you.
You die...
Your body crumbles into a pile of gold.

.. #. #### ###.##..###
#.........# +.........#
#.........# #<...%.M..#
###+##### #@#
........###.##.###
........#........#
........'........+
........#........#
........#........#.....
........#........#.....
........##########....
#######.............#


You could see Menkaure.

Vanquished Creatures
  2 ogres
  A howler monkey (D:4)
  2 hounds
  2 orc wizards
  An orc priest (D:3)
  A bullfrog skeleton (D:4)
  Ijyb (D:4)
  3 worker ants
  3 adders
  A howler monkey skeleton (D:5)
  4 oozes
  A worm (D:2)
  4 dart slugs
  3 leopard geckos
  7 orcs
  8 giant cockroaches
  5 goblins
  6 hobgoblins
  2 quokkas
  2 ball pythons
  A ball python skeleton (D:4)
  8 bats
  A frilled lizard (D:1)
  5 kobolds
  7 rats
81 creatures vanquished.

Notes
Turn   | Place    | Note
-------+----------+-------------------------------------------
     0 | D:1      | Leeroy the Draconian Skald began the quest for the Orb.
     0 | D:1      | Reached XP level 1. HP: 17/17 MP: 3/3
   134 | D:1      | Found a sparkling altar of Nemelex Xobeh.
   206 | D:1      | Reached XP level 2. HP: 14/24 MP: 5/5
   259 | D:1      | Reached skill level 3 in Long Blades
   738 | D:2      | Found a sacrificial altar of Ru.
   796 | D:2      | Reached XP level 3. HP: 10/29 MP: 6/6
   801 | D:2      | Learned a level 3 spell: Spectral Weapon
   873 | D:2      | Noticed an ogre
   910 | D:2      | HP: 1/29 [ogre/giant club (4)]
  2211 | D:3      | Reached skill level 4 in Long Blades
  2274 | D:3      | Reached XP level 4. HP: 26/36 MP: 7/7
  3075 | D:3      | Reached skill level 5 in Long Blades
  3075 | D:3      | Reached XP level 5. HP: 36/41 MP: 8/8
  3397 | D:3      | Learned a level 3 spell: Regeneration
  3574 | D:2      | Killed an ogre
  3574 | D:2      | Reached skill level 6 in Long Blades
  3598 | D:4      | Noticed Ijyb
  3621 | D:4      | Killed Ijyb
  3621 | D:4      | Reached XP level 6. HP: 24/48 MP: 7/9
  3798 | D:4      | Reached skill level 1 in Hexes
  3806 | D:4      | Found an opulent altar of Gozag.
  3815 | D:4      | Found Gozag's Platinum Reserve.
  3828 | D:4      | Became a worshipper of Gozag Ym Sagoz the Greedy
  3929 | D:4      | Reached skill level 1 in Shields
  4070 | D:4      | Found a burning altar of Makhleb.
  4071 | D:4      | Found a snail-covered altar of Cheibriados.
  4148 | D:4      | Reached skill level 7 in Long Blades
  4563 | D:4      | Your scales start taking on a glossy black colour.
  4563 | D:4      | Reached XP level 7. HP: 55/55 MP: 10/10
  4563 | D:4      | Gained mutation: You are resistant to electric shocks.
                  | (rElec) [Black Draconian growth]
  4813 | D:5      | Entered Level 5 of the Dungeon
  4857 | D:5      | Found a staircase to the Ecumenical Temple.
  4868 | Temple   | Entered the Ecumenical Temple
  5038 | D:5      | Noticed Menkaure
  5049 | D:5      | HP: 1/55 [Menkaure (14)]
  5050 | D:5      | Slain by Menkaure

Skill      XL: |  1  2  3  4  5  6 |
---------------+-------------------+-----
Long Blades    | 3 4 5 6 7 |  7.4
Hexes          | 1 |  1.7
Shields        | 1 |  1.8
Fighting       | |  2.1
Dodging        | |  2.1
Spellcasting   | |  2.0
Charms         | |  2.6
Necromancy     | |  0.1

Action                   |  1- 3 |  4- 6 |  7- 9 || total
-------------------------+-------+-------+-------++-------
Melee: Falchion          |   124 |    20 |     4 ||   148
       Tailslap          |    19 |    14 |     3 ||    36
       Short sword       |       |   115 |    31 ||   146
Throw: Stone             |       |     1 |       ||     1
 Cast: Spectral Weapon   |     1 |     2 |       ||     3
 Abil: Breathe Lightning |       |       |     1 ||     1
  Use: Scroll            |     3 |     5 |       ||     8
       Potion            |     1 |     1 |       ||     2
 Stab: Sleeping          |       |     1 |       ||     1
  Eat: Chunk             |     5 |     6 |       ||    11
       Ration            |       |       |     1 ||     1
Armor: Skin              |    39 |    47 |    10 ||    96
Dodge: Dodged            |    82 |   100 |    21 ||   203
       Rpst.: Falchion   |    33 |     6 |     1 ||    40
